 Dungeon Crawl Stone Soup version 0.31.0-12-g77e489cdc1 (webtiles) character file.

Game seed: 18223674059812812890

3 ChadusMaximus the Caller (level 1, -3/13 HPs)
             Began as a Barachi Summoner on Mar 3, 2024.
             Slain by a quokka (5 damage)
             ... on level 1 of the Dungeon.
             The game lasted 00:00:10 (89 turns).

ChadusMaximus the Caller (Barachi Summoner)           Turns: 89, Time: 00:00:11

Health: -3/13      AC:  2    Str:  9    XL:     1   Next: 50%
Magic:  1/3        EV: 12    Int: 15    God:
Gold:   11         SH:  0    Dex: 12    Spells: 3/4 levels left

rFire   . . .        (no weapon)
rCold   . . .        (no shield)
rNeg    . . .        a - +0 robe
rPois   .            (no helmet)
rElec   .            (no cloak)
rCorr   .            (no gloves)
SInv    .            (no boots)
Will    .....        (no amulet)
Stlth   ++           (no ring)
HPRegen 0.22/turn    (no ring)
MPRegen 0.08/turn

%: no passive effects
@: slow
A: amphibious, slowness 1, strong legs 1, +LOS
a: Hop


You were on level 1 of the Dungeon.
You visited 1 branch of the dungeon, and saw 1 of its levels.

You collected 11 gold pieces.

Inventory:

Armour
 a - a +0 robe (worn)
Jewellery
 d - an amulet of faith
Potions
 b - a potion of magic
 c - a potion of curing {unknown}


   Skills:
 - Level 2.1 Dodging
 - Level 1.7 Stealth
 + Level 2.2 Spellcasting
 * Level 5.0 Summonings


You had 3 spell levels left.
You knew the following spells:

 Your Spells              Type           Power      Damage    Failure   Level
a - Summon Small Mammal   Summ           64%        N/A       2%          1

Your spell library contained the following spells:

 Spells                   Type           Power      Damage    Failure   Level
 Call Imp                 Summ           32%        N/A       4%          2
 Call Canine Familiar     Summ           16%        N/A       9%          3
 Summon Blazeheart Golem  Fire/Summ      9%         N/A       61%         4
 Summon Lightning Spire   Summ/Air       9%         N/A       61%         4


Dungeon Overview and Level Annotations

Branches:
Dungeon (1/15)

Altars:


Innate Abilities, Weirdness & Mutations

You are amphibious.
You cover ground slowly.
You can hop short distances.
You have an extended range of vision and can be seen from far away.


Message History

There are monsters nearby!
Your bat hits the ball python.
The ball python bites your bat but does no damage.
The ball python grabs your bat. The ball python constricts your bat.
There are monsters nearby!
Your bat hits the ball python.
Your bat struggles to escape constriction. x2
The ball python bites your bat but does no damage.
The ball python constricts your bat.
You catch the helpless ball python completely off-guard!
You hit the ball python.
You kill the ball python!
Your bat closely misses the quokka.
The quokka misses your bat.
Your Summonings skill increases to level 5!
Unknown command.
Your bat barely misses the quokka.
The quokka bites you but does no damage.
You hit the quokka but do no damage.
Your bat completely misses the quokka.
Your bat hits the quokka but does no damage.
The quokka bites you.
Your magical contamination has completely faded away.
Unknown command.
A quokka is nearby!
You completely miss the quokka. Your bat hits the quokka.
The quokka bites you but does no damage.
You barely miss the quokka.
The quokka is moderately wounded.
Your bat hits the quokka but does no damage.
The quokka bites you.
A quokka is nearby!
You miss the quokka.
The quokka is moderately wounded.
Your bat closely misses the quokka.
The quokka bites you.
You are too injured to fight recklessly!
Casting: Summon Small Mammal (safe; 2% risk of failure)
Confirm with . or Enter, or press ? or * to list all spells.
The quokka bites you.
* * * LOW HITPOINT WARNING * * *
Your bat misses the quokka. The quokka bites you.
You die...

### #.. #.# #.#
#.###### #......#
###############......#
................b....+
##########......@r...#
#......b....#
######+##...# ......
...... ...### ..# ..#
.#


You could see a quokka (ally target) and 2 friendly bats.

Vanquished Creatures
  A ball python (D:1)
  A hobgoblin (D:1)
2 creatures vanquished.

Vanquished Creatures (collateral kills)
  A rat (D:1)
1 creature vanquished.

Grand Total: 3 creatures vanquished

Notes
Turn   | Place    | Note
-------+----------+-------------------------------------------
     0 | D:1      | ChadusMaximus the Barachi Summoner began the quest for the
                  | Orb.
     0 | D:1      | Reached XP level 1. HP: 13/13 MP: 3/3
    84 | D:1      | Reached skill level 5 in Summonings
    89 | D:1      | Slain by a quokka

Illustrated notes

Levels and vault maps discovered:
D:1:      scummos_arrival_forest, layout_basic, basic_ecumenical_altar,
          minmay_pentomino_z2

Skill      XL: |  1 |
---------------+----+-----
Summonings     | 5 |  5.0
Dodging        | |  2.1
Stealth        | |  1.7
Spellcasting   | |  2.2

Action                     || total
---------------------------++-------
  Melee: Unarmed           ||    12
   Cast: Summon Small Mamm ||     4
   Stab: Distracted        ||     1
 Armour: Robe              ||    12
  Dodge: Dodged            ||     5
